 Dungeon Crawl Stone Soup version 0.24.0-123-gd5b16e6ec5 (webtiles) character file.

Game seed: 15926438948710676187, levelgen mode: deterministic

60 Curus the Chopper (level 4, -5/39 HPs)
             Began as a Hill Orc Abyssal Knight on Feb 10, 2020.
             Was a Believer of Lugonu.
             Slain by Natasha (6 damage)
             ... on level 3 of the Dungeon.
             The game lasted 00:21:27 (1926 turns).

Curus the Chopper (Hill Orc Abyssal Knight)         Turns: 1926, Time: 00:21:28

Health: -5/39      AC:  8    Str: 14    XL:     4   Next: 6%
Magic:  7/7        EV:  9    Int: 16    God:    Lugonu [**....]
Gold:   107        SH:  4    Dex: 11    Spells: 3/3 levels left

rFire    . . .     SeeInvis .   a - +2 hand axe
rCold    . . .     Gourm    .   (no shield)
rNeg     . . .     Faith    +   l - +0 scale mail
rPois    .         Spirit   .   h - +0 helmet
rElec    .         Reflect  .   (no cloak)
rCorr    .         Harm     .   g - +0 pair of gloves
MR       .....                  (no boots)
Stlth    +.........             n - amulet of faith
HPRegen  0.13/turn              e - +2 ring of dexterity
MPRegen  0.10/turn              i - ring of stealth

@: slowed, very slow
A: large bone plates 1, clever 2, clumsy 1
a: Depart the Abyss, Bend Space, Renounce Religion


You were on level 3 of the Dungeon.
You worshipped Lugonu.
Lugonu was pleased with you.
You were not hungry.

You visited 1 branch of the dungeon, and saw 3 of its levels.
You visited the Abyss 1 time.

You collected 107 gold pieces.

Inventory:

Hand Weapons
 a - a +2 hand axe (weapon)
Armour
 b - a +0 leather armour
 f - a +0 ring mail
 g - a +0 pair of gloves (worn)
 h - a +0 helmet (worn)
 l - a +0 scale mail (worn)
Jewellery
 e - a +2 ring of dexterity (left hand)
 i - a ring of stealth (right hand)
 k - an uncursed amulet of the gourmand
 m - an uncursed ring of stealth
 n - an amulet of faith (around neck)
Scrolls
 d - 3 scrolls of identify
 j - a scroll of remove curse
Comestibles
 c - 5 rations


   Skills:
 - Level 3.6 Fighting
 + Level 4.3 Axes
 - Level 2.1 Armour
 - Level 0.7 Dodging
 + Level 4.2 Invocations


You had 3 spell levels left.
You didn't know any spells.
Your spell library was empty.

Dungeon Overview and Level Annotations

Branches:
Dungeon (3/15)

Altars:

Annotations:
D:3 Grinder, Natasha


Innate Abilities, Weirdness & Mutations

You are partially covered in large bone plates. (SH +4)
Your mind is very acute. (Int +4)
You are clumsy. (Dex -2)


Message History

Natasha is almost dead.
Natasha barely misses you.
You closely miss Natasha.
Natasha is almost dead.
Natasha casts a spell at you. You resist with some effort. Natasha claws you.
You hit Natasha but do no damage.
Natasha is almost dead.
Natasha claws you. Natasha casts a spell at you. The magic dart hits you.
* * * LOW HITPOINT WARNING * * *
You closely miss Natasha.
Natasha is almost dead.
Natasha claws you!
* * * LOW HITPOINT WARNING * * *
You barely miss Natasha.
Natasha is almost dead.
Natasha claws you but does no damage. Natasha claws you.
You die...

#.. #.# .. #.# .# #.#
.# #.###.## #.##...
#.##!.# ######.##h.#
#.###......##@.###.#
#..................).
#..##.#######.####..#
# #.# #.# # #.# #.#
#..# #.# #.. ....
#..# #.# ### #..#
#..# #.# #..# #..#
#.# #..#


You could see Natasha.

Vanquished Creatures
  A worm (D:2)
  5 dart slugs
  9 goblins
  7 hobgoblins
  7 jackals
  A quokka (D:2)
  2 bats
  4 frilled lizards
  3 kobolds
  4 rats
43 creatures vanquished.

Notes
Turn   | Place    | Note
-------+----------+-------------------------------------------
     0 | Abyss:1  | Curus the Hill Orc Abyssal Knight began the quest for the
                  | Orb.
     0 | Abyss:1  | Reached XP level 1. HP: 19/19 MP: 2/2
    54 | Abyss:1  | Noticed a glowing orange brain
    58 | D:1      | Escaped the Abyss
    76 | D:1      | Reached * piety under Lugonu
    76 | D:1      | Reached XP level 2. HP: 20/26 MP: 2/4
   961 | D:1      | Reached XP level 3. HP: 31/31 MP: 5/5
  1535 | D:2      | Gained mutation: You are clumsy. (Dex -2) [potion of
                  | mutation]
  1535 | D:2      | Gained mutation: You are partially covered in large bone
                  | plates. (SH +4) [potion of mutation]
  1535 | D:2      | Gained mutation: Your mind is acute. (Int +2) [potion of
                  | mutation]
  1535 | D:2      | Gained mutation: Your mind is very acute. (Int +4) [potion
                  | of mutation]
  1786 | D:3      | Reached ** piety under Lugonu
  1786 | D:3      | Reached XP level 4. HP: 35/39 MP: 7/7
  1795 | D:3      | Noticed Grinder
  1911 | D:3      | Noticed Natasha
  1925 | D:3      | HP: 1/39 [Natasha (8)]
  1926 | D:3      | Slain by Natasha

Levels and vault maps discovered:
D:1:      minmay_arrival_five_plusses, layout_basic, minmay_strange_pillars,
          hex_tiny
D:2:      layout_loops_ring
D:3:      layout_loops_ring, first_ration, uniq_grinder, uniq_natasha

Skill      XL: |  1  2  3 |
---------------+----------+-----
Axes           | 3 4 |  4.3
Invocations    | 3 4 |  4.2
Fighting       | |  3.6
Armour         | |  2.1
Dodging        | |  0.7

Action                   |  1- 3 |  4- 6 || total
-------------------------+-------+-------++-------
Melee: Hand axe          |   160 |    29 ||   189
Invok: Depart the Abyss  |     1 |       ||     1
  Use: Scroll            |     4 |     4 ||     8
       Potion            |     5 |       ||     5
 Stab: Sleeping          |     1 |       ||     1
  Eat: Chunk             |     5 |       ||     5
Armor: Leather armour    |     9 |       ||     9
       Ring mail         |    20 |       ||    20
       Scale mail        |    15 |     6 ||    21
Dodge: Dodged            |    70 |    11 ||    81
Block: Other             |     8 |     3 ||    11
